 Dungeon Crawl Stone Soup version 0.20-a0-640-g62ed22f (webtiles) character file.

270 Kidiri the Magician (level 6, -4/34 HPs)
             Began as a Deep Elf Fire Elementalist on Feb 12, 2017.
             Slain by HEYYEYAAE's ghost (5 damage)
             ... on level 4 of the Dungeon.
             The game lasted 00:17:03 (3543 turns).

Kidiri the Magician (Deep Elf Fire Elementalist)    Turns: 3543, Time: 00:17:04

Health: -4/34      AC:  3    Str:  5    XL:     6   Next: 1%
Magic:  1/15       EV: 13    Int: 22    God:
Gold:   273        SH:  0    Dex: 15    Spells: 1/14 levels left

rFire    . . .     SeeInvis .   i - +2 dagger
rCold    . . .     Gourm    .   a - +1 robe
rNeg     . . .     Faith    .   (no shield)
rPois    .         Spirit   .   (no helmet)
rElec    .         Reflect  .   (no cloak)
rCorr    .         Harm     .   (no gloves)
MR       .....                  (no boots)
Stlth    ++........             (no amulet)
Regen    0.2/turn               (no ring)
MPRegen  0.2/turn               (no ring)

@: no status effects
A: no striking features
a: no special abilities


You were on level 4 of the Dungeon.
You were not hungry.

You visited 1 branch of the dungeon, and saw 4 of its levels.

You collected 273 gold pieces.

Inventory:

Hand Weapons
 i - a +2 dagger (weapon)
Armour
 a - a +1 robe (worn)
 l - a +0 buckler
Wands
 m - a wand of lightning (12/15)
 s - a wand of lightning (3/15)
Scrolls
 j - 3 scrolls of teleportation
 q - 5 scrolls of remove curse
 r - 3 scrolls of fear {unknown}
Potions
 d - 2 potions of curing
 e - a potion of cancellation
 f - a potion of resistance {unknown}
 k - a potion of lignification {unknown}
 n - a potion of might {unknown}
 o - a potion of ambrosia {unknown}
 u - a potion of flight {unknown}
 v - a potion of mutation {unknown}
Books
 b - a book of Flames

   Spells                             Type                      Level
   a - Flame Tongue                   Conjuration/Fire             1
   b - Throw Flame                    Conjuration/Fire             2
   c - Conjure Flame                  Conjuration/Fire             3
   d - Inner Flame                    Hexes/Fire                   3
   e - Sticky Flame                   Conjuration/Fire             4
   f - Fireball                       Conjuration/Fire             5
Comestibles
 c - 3 bread rations
 g - 2 meat rations
 h - 5 fruits
 p - 9 chunks of flesh
 t - 2 royal jellies


   Skills:
 - Level 1.2 Fighting
 - Level 0.6 Short Blades
 - Level 1.0 Armour
 - Level 3.2 Dodging
 - Level 2.4 Stealth
 - Level 1.0 Shields
 * Level 4.8 Spellcasting
 + Level 2.6 Conjurations
 + Level 4.1 Fire Magic
 * Level 2.0 Evocations


You had one spell level left.
You knew the following spells:

 Your Spells              Type           Power        Failure   Level  Hunger
a - Flame Tongue          Conj/Fire      ###..        2%          1    None
b - Throw Flame           Conj/Fire      ###...       4%          2    None
c - Conjure Flame         Conj/Fire      ###.....     10%         3    ##.....
d - Inner Flame           Hex/Fire       ##......     14%         3    ##.....
e - Sticky Flame          Conj/Fire      ###.....     28%         4    ####...


Dungeon Overview and Level Annotations

Branches:
Dungeon (4/15)
 Temple: D:4-7

Altars:
Ashenzari
Gozag
Qazlal
Uskayaw
Zin
The Shining One

Annotations:
D:4 HEYYEYAAE's ghost, novice TrBe


Message History

Aiming: Flame Tongue
Press: ? - help, Shift-Dir - straight line, f/p - orc
Aim: an orc The flame tongue hits HEYYEYAAE's ghost.
HEYYEYAAE's ghost is moderately damaged.
HEYYEYAAE's ghost is engulfed in blazing flames.
HEYYEYAAE's ghost hits you!
You are lethally poisoned!
Unknown command.
* * * LOW HITPOINT WARNING * * *
You feel sick.
HEYYEYAAE's ghost is engulfed in blazing flames.
Unknown command.
You feel better. HEYYEYAAE's ghost hits you.
Unknown command.
HEYYEYAAE's ghost screams in joy, "As in life, so in death: Kill!
Kill!!
Kill!!!"
HEYYEYAAE's ghost hits you!
* * * LOW HITPOINT WARNING * * *
HEYYEYAAE's ghost burns you.
You die...

#.# ##.## ...
#)# #)# #.#
####.#
#.W.#..# .
#@##.### #.
#.# ## #..###+
#.#
.....#.#####.#
#............#
.......#.#####
##. #.## #
##.## # #...#


You could see HEYYEYAAE's ghost.

Vanquished Creatures
  A howler monkey (D:4)
  An orc wizard (D:4)
  Terence (D:3)
  8 adders
  An ooze (D:2)
  3 worms
  3 dart slugs
  A leopard gecko (D:3)
  6 orcs
  A ball python (D:1)
  4 giant cockroaches
  6 goblins
  9 hobgoblins
  3 jackals (D:2)
  11 kobolds
  A quokka (D:3)
  6 bats
  5 frilled lizards
  A quokka skeleton (D:4)
  12 rats
84 creatures vanquished.

Notes
Turn   | Place    | Note
-------+----------+-------------------------------------------
     0 | D:1      | Kidiri the Deep Elf Fire Elementalist began the quest for the Orb.
     0 | D:1      | Reached XP level 1. HP: 10/10 MP: 6/6
   171 | D:1      | Reached XP level 2. HP: 13/15 MP: 1/8
   175 | D:1      | Learned a level 2 spell: Throw Flame
   329 | D:1      | Found a shattered altar of Ashenzari.
   939 | D:2      | Reached XP level 3. HP: 16/20 MP: 7/10
   944 | D:2      | Learned a level 3 spell: Conjure Flame
   948 | D:2      | Learned a level 3 spell: Inner Flame
  1076 | D:2      | Reached skill level 1 in Fighting
  1430 | D:2      | Found a glowing golden altar of the Shining One.
  1440 | D:2      | Reached XP level 4. HP: 12/25 MP: 4/11
  2444 | D:3      | Reached skill level 1 in Armour
  2819 | D:3      | Reached XP level 5. HP: 29/29 MP: 7/13
  2894 | D:3      | Noticed Terence
  2925 | D:3      | Killed Terence
  3105 | D:3      | Found a hide-covered altar of Uskayaw.
  3105 | D:3      | Found a glowing silver altar of Zin.
  3106 | D:3      | Found a stormy altar of Qazlal.
  3244 | D:2      | Reached skill level 1 in Shields
  3320 | D:4      | Reached skill level 1 in Evocations
  3326 | D:4      | Learned a level 4 spell: Sticky Flame
  3353 | D:4      | Found an opulent altar of Gozag.
  3525 | D:4      | Reached XP level 6. HP: 34/34 MP: 11/15
  3528 | D:4      | Noticed HEYYEYAAE's ghost (novice TrBe)
  3543 | D:4      | HP: 1/34 [HEYYEYAAE's ghost (14)]
  3543 | D:4      | Slain by HEYYEYAAE's ghost

Vault maps used:
D:1:      grunt_arrival_lava_bath, evilmike_ruin_ashenzari
D:2:      tso_oasis_becter, minmay_octomino_j4
D:3:      gammafunk_temple_overflow_claw, first_bread, uniq_terence
D:4:      overflow_temple_1_default, overflow_temple_1_default,
          minmay_temple_entry_junction, serial_shops, kennysheep_little_box,
          uniq_eustachio

Skill      XL: |  1  2  3  4  5 |
---------------+----------------+-----
Conjurations   | 2 |  2.6
Fighting       | 1 |  1.2
Dodging        | 3 |  3.2
Spellcasting   | 4 |  4.8
Armour         | 1 |  1.0
Shields        | 1 |  1.0
Fire Magic     | 4 |  4.1
Evocations     | 2 |  2.0
Short Blades   | |  0.6
Stealth        | |  2.4

Action                   |  1- 3 |  4- 6 || total
-------------------------+-------+-------++-------
Melee: Dagger            |    20 |    30 ||    50
 Cast: Flame Tongue      |    63 |    67 ||   130
       Throw Flame       |     6 |    13 ||    19
       Conjure Flame     |       |     3 ||     3
       Inner Flame       |       |     1 ||     1
  Use: Scroll            |     8 |     2 ||    10
       Potion            |     1 |     1 ||     2
 Stab: Sleeping          |     2 |     5 ||     7
  Eat: Chunk             |     2 |     6 ||     8
Armor: Robe              |     6 |     9 ||    15
Dodge: Dodged            |    29 |    36 ||    65
